 Dungeon Crawl Stone Soup version 0.21.1-1-g345015f (webtiles) character file.

657 troglodite the Skirmisher (level 7, -11/55 HPs)
             Began as a Demonspawn Berserker on Mar 13, 2018.
             Was an Elder of Trog.
             Mangled by Prince Ribbit (15 damage)
             ... on level 5 of the Dungeon.
             The game lasted 00:11:16 (4175 turns).

troglodite the Skirmisher (Demonspawn Berserker)    Turns: 4175, Time: 00:11:17

Health: -11/55     AC: 11    Str: 18    XL:     7   Next: 29%
Magic:  7/7        EV:  6    Int:  8    God:    Trog [****..]
Gold:   231        SH:  7    Dex: 14    Spells: 6/6 levels left

rFire    . . .     SeeInvis .   r - +2 whip (elec)
rCold    . . .     Gourm    .   j - -1 shield (curse)
rNeg     . . .     Faith    .   t - +1 chain mail {rPois}
rPois    +         Spirit   .   (helmet restricted)
rElec    .         Reflect  .   (no cloak)
rCorr    .         Harm     .   (no gloves)
MR       .....                  l - +0 pair of boots (curse)
Stlth    ..........             (no amulet)
HPRegen  0.18/turn              (no ring)
MPRegen  0.10/turn              (no ring)

@: berserk cooldown, slowed, very slow
A: antennae 1, powered by death 1
a: Berserk, Trog's Hand, Brothers in Arms, Burn Spellbooks, Renounce Religion


You were on level 5 of the Dungeon.
You worshipped Trog.
Trog was greatly pleased with you.
You were very hungry.

You visited 1 branch of the dungeon, and saw 5 of its levels.

You collected 231 gold pieces.

Inventory:

Hand Weapons
 a - a +0 falchion
 p - a +1 dagger of draining
 r - a +2 whip of electrocution (weapon)
Armour
 j - a cursed -1 shield (worn)
 l - a cursed +0 pair of boots (worn)
 t - a +1 chain mail of poison resistance (worn)
Scrolls
 b - a scroll of amnesia {unknown}
 d - 4 scrolls of remove curse {unknown}
 i - 4 scrolls of teleportation {unknown}
 n - a scroll of noise {unknown}
 o - 2 scrolls of fear {unknown}
 q - a scroll of blinking {unknown}
 s - a scroll of enchant weapon {unknown}
 w - 3 scrolls of immolation {unknown}
 x - 2 scrolls of magic mapping {unknown}
Potions
 e - 2 potions of flight {unknown}
 f - a potion of degeneration {unknown}
 g - 2 potions of brilliance {unknown}
 h - a potion of curing {unknown}
 k - a potion of lignification {unknown}
 m - a potion of magic {unknown}
 u - a potion of heal wounds {unknown}
Comestibles
 c - 14 rations
 v - a chunk of flesh


   Skills:
 * Level 4.6 Fighting
 + Level 3.5 Long Blades
 + Level 1.4 Maces & Flails
 * Level 4.5 Armour
 * Level 3.3 Dodging
 + Level 0.2 Stealth
 * Level 2.3 Shields


You had 6 spell levels left.
You didn't know any spells.

Dungeon Overview and Level Annotations

Branches:
Dungeon (5/15)             Temple (0/1) D:5

Altars:
Ashenzari
Okawaru
Qazlal
Wu Jian

Annotations:
D:5 Prince Ribbit


Innate Abilities, Weirdness & Mutations

You have a pair of small antennae on your head.
You regenerate a little health from kills.


Message History

Lightning courses through Prince Ribbit!
Prince Ribbit is severely wounded.
Prince Ribbit hits you! Prince Ribbit barely misses you.
Prince Ribbit hits you but does no damage.
You closely miss Prince Ribbit.
Prince Ribbit is severely wounded.
You block Prince Ribbit's attack. Prince Ribbit hits you.
Prince Ribbit hits you but does no damage. x2
Prince Ribbit blinks!
Prince Ribbit blinks!
Found 14 stones.
You closely miss Prince Ribbit.
Prince Ribbit is severely wounded.
Prince Ribbit hits you!
* * * LOW HITPOINT WARNING * * *
Prince Ribbit barely misses you.
Your chain mail prevents you from hitting Prince Ribbit.
Prince Ribbit is severely wounded.
Prince Ribbit hits you!
You die...

.. ## ....# .#.### . ###
...!.##### .. ..#
###..........#. ..####
...#(.........
.....#######!##...#..##.
..##....(.......F.......
..##########..#.@####
########## ##.#...# #
##<....## #...#.#
##.......####....#
#.........# .....!..#
##.........###############
............≈≈≈≈≈≈≈≈≈≈≈≈≈#
##..........≈8≈≈8≈≈8≈≈8≈≈#
#..........≈≈≈≈≈≈≈≈≈≈≈≈8###


You could see Prince Ribbit.

Vanquished Creatures
  The ghost of Nahar the Poker, a novice DrBe of Trog (D:5)
  A hound (D:3)
  A centaur skeleton (D:4)
  Terence (D:3)
  2 orc wizards (D:4)
  3 adders
  3 gnolls (D:4)
  2 oozes
  2 adder skeletons
  2 worms
  A dart slug (D:1)
  4 leopard geckos
  22 orcs
  A ball python (D:3)
  4 giant cockroaches
  9 goblins
  9 hobgoblins
  8 jackals
  8 kobolds
  3 quokkas (D:3)
  6 bats
  11 frilled lizards
  A giant cockroach zombie (D:5)
  10 rats
115 creatures vanquished.

Notes
Turn   | Place    | Note
-------+----------+-------------------------------------------
     0 | D:1      | troglodite the Demonspawn Berserker began the quest for the Orb.
     0 | D:1      | Reached XP level 1. HP: 18/18 MP: 1/1
   139 | D:1      | Gained mutation: You have a pair of small antennae on your head. [demonic ancestry]
   139 | D:1      | Reached XP level 2. HP: 20/24 MP: 2/2
   398 | D:1      | Reached ** piety under Trog
   408 | D:1      | Reached XP level 3. HP: 25/29 MP: 3/3
   765 | D:2      | Found an iron altar of Okawaru.
  1334 | D:2      | Gained mutation: You regenerate a little health from kills. [demonic ancestry]
  1334 | D:2      | Reached XP level 4. HP: 37/37 MP: 4/4
  1480 | D:2      | Found a shattered altar of Ashenzari.
  1715 | D:2      | Found a faded altar of an unknown god.
  1865 | D:3      | Reached *** piety under Trog
  2146 | D:3      | Reached skill level 1 in Shields
  2192 | D:3      | Reached XP level 5. HP: 28/42 MP: 5/5
  2259 | D:3      | Found a stormy altar of Qazlal.
  2727 | D:3      | Noticed Terence
  2746 | D:3      | Killed Terence
  3508 | D:4      | Reached XP level 6. HP: 48/48 MP: 6/6
  3599 | D:4      | Reached **** piety under Trog
  3924 | D:4      | Found an ornate altar of the Wu Jian Council.
  4040 | D:5      | Entered Level 5 of the Dungeon
  4091 | D:5      | Found a staircase to the Ecumenical Temple.
  4134 | D:5      | Noticed Nahar's ghost (novice DrBe)
  4136 | D:5      | Noticed Prince Ribbit
  4153 | D:5      | Killed Nahar's ghost
  4153 | D:5      | Reached skill level 1 in Maces & Flails
  4153 | D:5      | Reached XP level 7. HP: 55/55 MP: 7/7
  4175 | D:5      | Mangled by Prince Ribbit

Skill      XL: |  1  2  3  4  5  6 |
---------------+-------------------+-----
Armour         | 2 3 4 |  4.5
Dodging        | 2 3 |  3.3
Long Blades    | 3 |  3.5
Shields        | 1 2 |  2.3
Fighting       | 4 |  4.6
Maces & Flails | 1 |  1.4
Stealth        | |  0.2

Action                   |  1- 3 |  4- 6 |  7- 9 || total
-------------------------+-------+-------+-------++-------
Melee: Falchion          |   107 |   203 |       ||   310
       Whip              |       |    97 |    12 ||   109
Invok: Berserk           |     2 |     4 |       ||     6
  Eat: Chunk             |     3 |    12 |       ||    15
Armor: Ring mail         |    31 |       |       ||    31
       Animal skin       |     2 |       |       ||     2
       Chain mail        |    24 |   260 |     5 ||   289
Dodge: Dodged            |    59 |    89 |     3 ||   151
Block: Shield            |    15 |   135 |     4 ||   154
       Rpst.: Falchion   |    20 |    23 |       ||    43
